AoeStats
← viktor_uebelhart

Arabia

510406599Analyzed
1v1 RM · 20h ago on Sep 30, 2026· 43m 27s· 2 players
Game mode
Random Map
Map size
Tiny (2 player)
Population
200
Speed
Normal
Resources
Standard
Victory
Conquest
Starting age
Dark Age
Ending age
Imperial Age
RankedLock teamsTeams togetherTeam positionsShared explorationLock speedFull tech treeHidden civsTurbo modeCheats
Victory
Defeat
🇧🇷 Romans · Brazil
992
+16
🇨🇴 Portuguese · Colombia
989
-16
NextCeiling5705
1:12 Loom
9:20 Feudal Age
10:02 Double-Bit Axe
10:09 Horse Collar
19:38 Fletching
20:26 Scale Barding Armor
24:41 Castle Age
23:10 Padded Archer Armor
23:27 Gold Mining
25:07 Bloodlines
26:19 Wheelbarrow
25:29 Town Watch
26:10 Heavy Plow
30:12 Chain Barding Armor
31:13 Forging
32:21 Bodkin Arrow
37:10 Hand Cart
41:13 Imperial Age
40:16 Husbandry
41:29 Iron Casting
42:15 Masonry
42:37 Ballistics
43:30 Architecture
viktor_uebelhart
6:10 Loom
9:06 Feudal Age
10:05 Man-at-Arms
11:15 Double-Bit Axe
15:35 Scale Mail Armor
15:41 Horse Collar
23:31 Castle Age
23:21 Gold Mining
24:46 Bow Saw
24:11 Long Swordsman
25:08 Chain Mail Armor
25:27 Forging
25:55 Wheelbarrow
26:43 Squires
28:10 Iron Casting
34:22 Hand Cart
38:38 Imperial Age
36:04 Town Watch
37:10 Gold Shaft Mining
36:36 Heavy Plow
39:08 Town Patrol
40:32 Blast Furnace
39:28 Legionary
40:57 Crop Rotation
Connection lost

Rejoining the realm…

Still unreachable

The connection could not be restored.

Session expired

The server has moved on; the page needs a fresh start.